 Dungeon Crawl Stone Soup version 0.25-a0-890-g62861fb (webtiles) character file.

Game seed: 10856059161234757166, levelgen mode: deterministic

69797 BeowulfAlex the Transmogrifier (level 15, -16/140 HPs)
             Began as an Octopode Transmuter on May 9, 2020.
             Was the Champion of Wu Jian.
             Demolished by an enormous slime creature (21 damage)
             ... on level 13 of the Dungeon on May 10, 2020.
             The game lasted 01:51:52 (27786 turns).

BeowulfAlex the Transmogrifier (OpTm)              Turns: 27786, Time: 01:51:53

Health: -16/140    AC: 26    Str:  9    XL:     15   Next: 31%
Magic:  22/24      EV: 18    Int: 18    God:    Wu Jian [******]
Gold:   1427       SH:  0    Dex: 13    Spells: 2/30 levels left

rFire    . . .     SeeInvis +     - Unarmed
rCold    + . .     Gourm    .   (no shield)
rNeg     + . .     Faith    .   (helmet restricted)
rPois    ∞         Spirit   .   (no amulet)
rElec    +         Reflect  .   x - +2 ring of evasion
rCorr    .         Harm     .   H - ring of wizardry
MR       +++..                  M - ring of protection from cold
Stlth    +.........             S - ring of protection from magic
HPRegen  0.33/turn              C - ring "Hudghic" {MR+ Str-4 SInv Stlth-}
MPRegen  0.19/turn              (no ring)
                                (no ring)
                                (no ring)

@: statue-form, hasted
A: almost no armour, stealthy swim, amphibious, 8 rings, constrict 8, camouflage
1, low mp 1, poison resistance, wild magic 1
a: End Transformation, Wall Jump, Serpent's Lash, Heavenly Storm, Renounce
Religion


You were on level 13 of the Dungeon.
You worshipped Wu Jian.
Wu Jian was exalted by your worship.
You were not hungry.
You were a stone statue.
You visited 4 branches of the dungeon, and saw 22 of its levels.

You collected 2337 gold pieces.
You spent 910 gold pieces at shops.

Inventory:

Missiles
 a - 387 arrows
 e - 3 silver boomerangs
 g - 436 stones
 i - 45 poisoned darts
 y - 3 throwing nets
 B - 14 boomerangs (quivered)
 J - 4 javelins
Armour
 l - the +0 hat of Death Resistance {+Inv rPois rF- rCorr Dex+4}
   (You found it on level 11 of the Dungeon)

   It affects your dexterity (+4).
   It makes you vulnerable to fire.
   It protects you from poison.
   It lets you turn invisible.
   It provides partial protection from all sources of acid and corrosion.
 K - a cursed +0 buckler
 Y - the +0 kite shield of Amub {rN+++ rCorr Int-3 Dex-5}
   (You found it on level 5 of the Lair of Beasts)

   It affects your intelligence (-3).
   It affects your dexterity (-5).
   It renders you almost immune to negative energy.
   It provides partial protection from all sources of acid and corrosion.
Magical Staves
 W - an uncursed staff of energy
Jewellery
 x - a +2 ring of evasion (left tentacle)
 C - the ring "Hudghic" (on tentacle) {MR+ Str-4 SInv Stlth-}
   (You found it on level 6 of the Lair of Beasts)

   [ring of attention]

   It affects your strength (-4).
   It affects your resistance to hostile enchantments.
   It lets you see invisible.
   It makes you less stealthy.
 H - a ring of wizardry (right tentacle)
 I - an uncursed amulet of guardian spirit
 M - a ring of protection from cold (on tentacle)
 S - a ring of protection from magic (on tentacle)
 U - the ring of Dithmenos's Reproof {Ice rPois rN+ SInv}
   (You found it on level 4 of the Lair of Beasts)

   [ring of ice]

   It enhances your ice magic.
   It makes you vulnerable to fire.
   It protects you from cold.
   It protects you from poison.
   It protects you from negative energy.
   It lets you see invisible.
Wands
 h - a wand of random effects (14)
 r - a wand of polymorph (17)
 v - a wand of enslavement (11)
 z - a wand of acid (15)
 O - a wand of paralysis (14)
 Q - a wand of digging (2)
 X - a wand of flame (23)
Scrolls
 m - 5 scrolls of enchant armour
 o - 2 scrolls of fog
 s - 9 scrolls of remove curse
 u - 2 scrolls of noise {unknown}
 A - 4 scrolls of magic mapping
 D - 2 scrolls of enchant weapon {unknown}
 E - 3 scrolls of amnesia
 F - 4 scrolls of immolation
 G - 2 scrolls of fear
 P - a scroll of summoning {unknown}
 R - a scroll of silence {unknown}
 V - a scroll of brand weapon {unknown}
 Z - a scroll of torment {unknown}
Potions
 b - 3 potions of flight
 f - 2 potions of brilliance
 j - a potion of might
 k - a potion of haste
 n - 2 potions of mutation
 p - a potion of cancellation {unknown}
 q - 6 potions of stabbing
 t - a potion of invisibility {unknown}
 w - 5 potions of curing
 L - a potion of lignification {unknown}
 T - 2 potions of berserk rage {unknown}
Miscellaneous
 N - 2 tins of tremorstones
Comestibles
 c - 61 rations
 d - 4 chunks of flesh


   Skills:
 * Level 12.1 Fighting
 + Level 7.2 Dodging
 + Level 3.4 Shields
 * Level 12.1 Unarmed Combat
 + Level 8.2 Spellcasting
 - Level 4.0 Translocations
 * Level 13.3 Transmutations
 - Level 4.0 Ice Magic
 + Level 9.4 Earth Magic
 - Level 2.0 Poison Magic


You had 2 spell levels left.
You knew the following spells:

 Your Spells              Type           Power        Failure   Level  Hunger
a - Beastly Appendage     Tmut           ######       1%          1    None
b - Spider Form           Tmut/Pois      #####.....   1%          3    #......
c - Ice Form              Ice/Tmut       ######..     1%          4    ###....
d - Blade Hands           Tmut           ######....   1%          5    #####..
e - Blink                 Tloc           N/A          1%          2    None
f - Statue Form           Tmut/Erth      ######...    9%          6    ######.
g - Dragon Form           Tmut           ######....   19%         7    #######

Your spell library contained the following spells:

 Spells                   Type           Power        Failure   Level  Hunger
 Apportation              Tloc           ####..       1%          1    None
 Sticks to Snakes         Tmut           ######..     1%          2    None
 Ensorcelled Hibernation  Hex/Ice        ###...       4%          2    None
 Animate Skeleton         Necr           N/A          6%          1    None
 Corona                   Hex            #......      6%          1    None
 Foxfire                  Conj/Fire      #...         6%          1    None
 Magic Dart               Conj           #...         6%          1    None
 Summon Small Mammal      Summ           #...         6%          1    None
 Call Imp                 Summ           #.......     9%          2    None
 Slow                     Hex            #.......     9%          2    None
 Hydra Form               Tmut           ######....   4%          6    ######.
 Irradiate                Conj/Tmut      #####.....   10%         5    #####..
 Mephitic Cloud           Conj/Pois/Air  ##......     12%         3    #......
 Conjure Flame            Conj/Fire      #.......     16%         3    #......
 Inner Flame              Hex/Fire       #.......     16%         3    #......
 Borgnjor's Vile Clutch   Necr/Erth      ####......   21%         5    #####..
 Sticky Flame             Conj/Fire      #.......     41%         4    ###....
 Fireball                 Conj/Fire      #.........   75%         5    #####..
 Silence                  Hex/Air        #.........   75%         5    #####..
 Darkness                 Hex            #.........   99%         6    ######.
 Shadow Creatures         Summ           N/A          99%         6    ######.
 Chain Lightning          Conj/Air       #.........   100%        8    #######
 Lehudib's Crystal Spear  Conj/Erth      ####......   100%        8    #######
 Absolute Zero            Ice            ####......   100%        9    #######
 Fire Storm               Conj/Fire      #.........   100%        9    #######


Dungeon Overview and Level Annotations

Branches:
Dungeon (13/15)            Temple (1/1) D:5            Lair (6/6) D:11
 Shoals (0/4) Lair:4        Snake (0/4) Lair:2        Slime (0/5) Lair:6
    Orc (2/2) D:9             Elf (0/3) Orc:2
 Vaults: D:13-14

Altars:
Ashenzari
Cheibriados
Dithmenos
Elyvilon
Fedhas
Gozag
Hepliaklqana
Kikubaaqudgha
Makhleb
Nemelex Xobeh
Okawaru
Qazlal
Ru
Sif Muna
Trog
Uskayaw
Vehumet
Wu Jian
Xom
Yredelemnul
Zin
The Shining One
Beogh

Shops:
D:13 *   Orc:1 :   Orc:2 [([(

Annotations:
D:5 3 runed translucent doors, FishTaco's ghost, novice DENe; Menkaure; Phlounder's ghost, novice DsTm; droid's ghost, novice HOFi
D:9 3 runed translucent doors, mdk's ghost, journeyman CeHu
Lair:2 1 runed translucent door, Superwelder's ghost, journeyman DgEE
Lair:3 exclusion: oklob plant
Lair:5 Ramawo's ghost, journeyman FoFi


Innate Abilities, Weirdness & Mutations

You cannot wear most types of armour.
You are very stealthy in the water. (Stealth+)
You are amphibious.
You can wear up to eight rings at the same time.
You can use your tentacles to constrict eight enemies at once.
Your skin changes colour to match your surroundings (Stealth+).
((Your rubbery body absorbs attacks. (AC +1, EV +1)))
Your magical capacity is low. (-10% MP)
Your system is resistant to poisons. (rPois)
Your spells are a little harder to cast, but a little more powerful.


Message History

The Council accepts your kill.
The very large slime creature hits you!!!
You batter the very large slime creature!!
The very large slime creature is lightly wounded.
Two slime creatures merge to form an enormous slime creature.
Unknown command.
You batter the enormous slime creature!!
The enormous slime creature is moderately wounded.
Unknown command.
You batter the enormous slime creature!!
You squeeze the enormous slime creature.
The enormous slime creature is moderately wounded.
The enormous slime creature hits you!!!
* * * LOW HITPOINT WARNING * * *
Unknown command.
Okay, then.
You feel yourself speed up. The enormous slime creature hits you!!
* * * LOW HITPOINT WARNING * * *
The enormous slime creature hits you!!
You die...

#.##.##..# ##)
#.##.###.# #.
#.##.# .# #.
#.##.# .# #.
#.##.# .# #. ##
#.##..##.# ##
##.# #.#
...######
##.).######.#
#........
###..<..yJ8...#
........#
.........######
..#####.#
.........y# #.#
..?.......# #.#
♣.♣.♣....#.#
#)#
.#.#....###..
...#####..
♣.♣.♣..#. ###
.........#
.∩.#... #
#.########
.♣.♣.. #


You could see an enormous slime creature and a vampire mosquito.

Vanquished Creatures
  Donald (Orc:2)
  Snorg (Lair:3)
  The ghost of simcity the Thaumaturge, a journeyman DgWr (D:11)
  3 hydras
  A centaur warrior (D:13)
  A catoblepas (Lair:6)
  Erica (Lair:1)
  3 two-headed ogres
  8 death yaks
  3 orc high priests (Orc:2)
  An unseen horror (D:13)
  Pikel (D:7)
  A deep elf mage (D:12)
  5 orc knights (Orc:2)
  5 orc sorcerers (Orc:2)
  3 cyclopes
  A manticore (D:12)
  A merfolk siren (Lair:4)
  5 ugly things
  Psyche (D:12)
  4 black mambas
  6 spiny frogs
  A centaur skeleton (D:12)
  A torpor snail (Lair:4)
  A gargoyle (D:11)
  2 rime drakes
  2 kobold demonologists (D:13)
  3 komodo dragons
  A queen bee (Lair:2)
  7 trolls
  6 hornets
  5 polar bears (Lair:6)
  A meliai zombie (D:12)
  Prince Ribbit (D:7)
  8 hippogriffs
  15 blink frogs
  3 spectral black mambas (Lair:5)
  9 dream sheep
  14 spriggans (Lair:6)
  A shadow (D:12)
  A wraith (D:12)
  2 vampires
  40 yaks
  A wyvern (Lair:4)
  5 basilisks
  6 vampire mosquitoes
  A spectral komodo dragon (Lair:5)
  2 hungry ghosts (D:9)
  A steam dragon (D:12)
  A warg (Orc:2)
  An acid dragon (D:11)
  2 soldier ants
  A two-headed ogre zombie (D:9)
  A hydra simulacrum (Lair:5)
  12 water moccasins
  9 porcupines
  25 orc warriors
  Duvessa (D:6)
  3 ice beasts
  4 sky beasts
  2 black bears (Lair:6)
  7 ogres
  5 boggarts (Lair:6)
  27 wolves
  A phantom (D:6)
  11 centaurs
  10 crocodiles
  Blork the orc (D:4)
  4 big kobolds
  2 gnoll sergeants
  11 bullfrogs
  8 scorpions
  Dowan (D:6)
  2 troll zombies (D:9)
  42 killer bees
  6 wights
  5 howler monkeys
  4 electric eels
  4 crimson imps
  A bullfrog zombie (D:12)
  4 jellies
  A quasit (D:7)
  2 centaur zombies
  18 orc priests
  6 hounds
  3 bullfrog skeletons
  10 worker ants
  23 orc wizards
  A killer bee zombie (D:6)
  5 ogre zombies (D:9)
  2 hound skeletons
  2 worker ant zombies
  10 adders
  9 gnolls
  A shadow imp (D:7)
  7 oozes
  3 adder skeletons
  2 dart slugs
  2 worms
  5 leopard geckos
  95 orcs
  4 giant cockroaches
  8 hobgoblins
  8 jackals
  17 kobolds
  2 quokkas
  2 ball pythons
  5 bats
  7 frilled lizards
  5 goblins
  2 goblin skeletons (D:9)
  A goblin zombie (D:9)
  A hobgoblin skeleton (D:9)
  5 hobgoblin zombies (D:9)
  A jackal skeleton (D:5)
  2 leopard gecko skeletons
  2 orc skeletons (D:9)
  14 orc zombies (D:9)
  A quokka skeleton (D:4)
  15 rats
724 creatures vanquished.

Vanquished Creatures (others)
  A polar bear (Lair:6)
  An orc warrior (D:7)
  A wight (D:7)
  An orc wizard (D:7)
  A hound skeleton (D:8)
  4 jackals
  12 fungi
  13 plants
  3 withered plants (D:5)
37 creatures vanquished.

Grand Total: 761 creatures vanquished

Notes
Turn   | Place    | Note
-------+----------+-------------------------------------------
     0 | D:1      | BeowulfAlex the Octopode Transmuter began the quest for the
                  | Orb.
     0 | D:1      | Reached XP level 1. HP: 13/13 MP: 3/3
   132 | D:1      | Reached XP level 2. HP: 7/18 MP: 3/5
   820 | D:2      | Reached XP level 3. HP: 24/24 MP: 6/6
   997 | D:2      | Learned a level 3 spell: Spider Form
  1353 | D:2      | Reached XP level 4. HP: 29/29 MP: 7/7
  1524 | D:3      | Reached skill level 3 in Transmutations
  1524 | D:3      | Reached skill level 1 in Poison Magic
  1625 | D:3      | Reached XP level 5. HP: 28/35 MP: 6/8
  1862 | D:3      | Learned a level 4 spell: Ice Form
  2577 | D:4      | Noticed Blork the orc
  2601 | D:4      | Killed Blork the orc
  2601 | D:4      | Reached skill level 1 in Ice Magic
  2601 | D:4      | Reached XP level 6. HP: 16/42 MP: 6/9
  3475 | D:4      | Reached skill level 4 in Transmutations
  3629 | D:5      | Entered Level 5 of the Dungeon
  3629 | D:5      | Noticed an ice beast
  3683 | D:5      | Reached XP level 7. HP: 46/46 MP: 8/10
  3815 | D:5      | Noticed Menkaure
  3906 | D:5      | Found a staircase to the Ecumenical Temple.
  3914 | Temple   | Entered the Ecumenical Temple
  4066 | Temple   | Became a worshipper of the Wu Jian Council
  4150 | D:5      | Found a runed translucent gate.
  4164 | D:5      | Found a runed translucent gate.
  4164 | D:5      | Found a runed translucent gate.
  4165 | D:5      | Noticed Phlounder's ghost (novice DsTm)
  4165 | D:5      | Noticed droid's ghost (novice HOFi)
  4848 | D:5      | Noticed FishTaco's ghost (novice DENe)
  4941 | D:6      | Noticed Dowan
  4950 | D:6      | Killed Dowan
  4951 | D:6      | Noticed Duvessa
  4969 | D:6      | Found a stormy altar of Qazlal.
  5226 | D:6      | Killed Duvessa
  5226 | D:6      | Reached XP level 8. HP: 44/54 MP: 2/11
  5311 | D:6      | Reached skill level 5 in Transmutations
  5651 | D:6      | Noticed an air elemental
  5656 | D:6      | Noticed a water elemental
  5985 | D:6      | Found a burning altar of Makhleb.
  6026 | D:6      | Reached skill level 5 in Fighting
  6158 | D:7      | Reached skill level 5 in Unarmed Combat
  6189 | D:7      | Reached * piety under Wu Jian
  6505 | D:7      | Noticed Prince Ribbit
  6516 | D:7      | Killed Prince Ribbit
  6516 | D:7      | Reached skill level 5 in Dodging
  6516 | D:7      | Reached skill level 6 in Transmutations
  6516 | D:7      | Reached XP level 9. HP: 58/61 MP: 8/12
  6899 | D:7      | Noticed Pikel
  6927 | D:7      | Killed Pikel
  7434 | D:7      | Noticed a hornet
  7442 | D:7      | Killed a hornet
  7442 | D:7      | Reached skill level 7 in Transmutations
  7789 | D:7      | Found a stormy altar of Qazlal.
  7789 | D:7      | Found a snail-covered altar of Cheibriados.
  8095 | D:8      | Noticed a two-headed ogre
  8222 | D:8      | Learned a level 5 spell: Blade Hands
  8242 | D:8      | Reached ** piety under Wu Jian
  8341 | D:8      | Reached XP level 10. HP: 66/71 MP: 10/14
  8515 | D:8      | Killed a two-headed ogre
  8774 | D:8      | Found an opulent altar of Gozag.
  9158 | D:8      | Learned a level 2 spell: Blink
  9626 | D:9      | Reached skill level 1 in Translocations
  9645 | D:9      | Reached skill level 8 in Transmutations
 10696 | D:9      | Reached XP level 11. HP: 78/78 MP: 14/17
 10700 | D:9      | Reached *** piety under Wu Jian
 11091 | D:9      | Found a staircase to the Orcish Mines.
 11390 | D:9      | Reached **** piety under Wu Jian
 11506 | D:9      | Found a runed translucent gate.
 11508 | D:9      | Found a runed translucent gate.
 11508 | D:9      | Found a runed translucent gate.
 11510 | D:9      | Noticed mdk's ghost (journeyman CeHu)
 11606 | D:10     | Entered Level 10 of the Dungeon
 12608 | D:10     | Noticed a purple ugly thing
 12623 | D:10     | Killed a purple ugly thing
 12969 | D:11     | Found a shimmering altar of Xom.
 12969 | D:11     | Noticed a cyan ugly thing
 12971 | D:11     | Found a staircase to the Lair.
 12979 | D:11     | Killed a cyan ugly thing
 13260 | D:11     | Found a runed translucent gate.
 13260 | D:11     | Found a runed translucent gate.
 13293 | D:11     | Reached skill level 5 in Spellcasting
 13334 | D:11     | Noticed a cyclops
 13379 | D:11     | Killed a cyclops
 13799 | D:11     | Found a runed translucent gate.
 13801 | D:11     | Noticed an 11-headed hydra
 13801 | D:11     | Noticed simcity's ghost (journeyman DgWr)
 13803 | D:11     | Noticed a ten-headed hydra
 13906 | D:11     | Reached skill level 9 in Transmutations
 14095 | Lair:1   | Entered Level 1 of the Lair of Beasts
 14377 | Lair:1   | Reached ***** piety under Wu Jian
 14377 | Lair:1   | Reached XP level 12. HP: 74/87 MP: 17/20
 14565 | Lair:1   | Learned a level 6 spell: Statue Form
 14702 | Lair:1   | Gained mutation: Your magical capacity is low. (-10% MP)
                  | [potion of mutation]
 14702 | Lair:1   | Gained mutation: Your system is resistant to poisons.
                  | (rPois) [potion of mutation]
 14702 | Lair:1   | Gained mutation: Your spells are a little harder to cast,
                  | but a little more powerful. [potion of mutation]
 14726 | Lair:1   | Noticed Erica
 14776 | Lair:1   | Killed Erica
 14776 | Lair:1   | Reached skill level 1 in Earth Magic
 15410 | Lair:2   | Noticed an eight-headed hydra
 15418 | Lair:2   | Reached skill level 10 in Fighting
 15431 | Lair:2   | Reached skill level 10 in Unarmed Combat
 15883 | Lair:2   | Found a runed translucent door.
 15888 | Lair:2   | Noticed Superwelder's ghost (journeyman DgEE)
 15896 | Lair:2   | Found a staircase to the Snake Pit.
 16867 | Lair:2   | Reached skill level 10 in Transmutations
 18347 | Lair:3   | Reached XP level 13. HP: 93/93 MP: 18/20
 18402 | Lair:3   | Noticed Snorg
 18413 | Lair:3   | Killed Snorg
 18413 | Lair:3   | Reached skill level 5 in Earth Magic
 19463 | Lair:4   | Reached skill level 11 in Transmutations
 19729 | Lair:4   | Found a staircase to the Shoals.
 19849 | Lair:4   | Got a pitted glass ring
 19853 | Lair:4   | Identified the ring of Dithmenos's Reproof {Ice rPois rN+
                  | SInv} (You found it on level 4 of the Lair of Beasts)
 20369 | Lair:4   | Reached ****** piety under Wu Jian
 20786 | Lair:5   | Found a runed translucent gate.
 20786 | Lair:5   | Found a runed translucent gate.
 20786 | Lair:5   | Found a runed translucent gate.
 20792 | Lair:5   | Noticed Ramawo's ghost (journeyman FoFi)
 21295 | Lair:5   | Got a blackened kite shield
 21301 | Lair:5   | Identified the cursed +0 kite shield of Amub {rN+++ rCorr
                  | Int-3 Dex-5} (You found it on level 5 of the Lair of
                  | Beasts)
 21678 | Lair:6   | Entered Level 6 of the Lair of Beasts
 22313 | Lair:6   | Reached XP level 14. HP: 74/101 MP: 18/22
 22563 | Lair:6   | Reached skill level 12 in Transmutations
 22738 | Lair:6   | Found a staircase to the Slime Pits.
 22965 | Lair:6   | Got a scintillating platinum ring
 22968 | Lair:6   | Identified the ring "Hudghic" {MR+ Str-4 SInv Stlth-} (You
                  | found it on level 6 of the Lair of Beasts)
 23047 | Lair:6   | Learned a level 7 spell: Dragon Form
 24205 | Orc:1    | Entered Level 1 of the Orcish Mines
 24695 | Orc:1    | Found a roughly hewn altar of Beogh.
 24697 | Orc:1    | Found Pabrisek's Book Boutique.
 25012 | Orc:2    | Entered Level 2 of the Orcish Mines
 25048 | Orc:2    | Found a staircase to the Elven Halls.
 25425 | Orc:2    | Found Fesupt's Antique Weapon Shop.
 25429 | Orc:2    | Noticed Donald
 25473 | Orc:2    | Killed Donald
 25473 | Orc:2    | Reached skill level 1 in Shields
 25576 | Orc:2    | Found Alinyq's Food Emporium.
 25597 | Orc:2    | Found Gaupt's Armour Shop.
 26061 | Orc:2    | Found Bororuwuro's Antique Armour Emporium.
 26068 | Orc:2    | Found Nuekhiw's Weapon Shop.
 26082 | Orc:2    | Bought a ration for 70 gold pieces
 26082 | Orc:2    | Bought a ration for 70 gold pieces
 26082 | Orc:2    | Bought a ration for 70 gold pieces
 26082 | Orc:2    | Bought a ration for 70 gold pieces
 26082 | Orc:2    | Bought a ration for 70 gold pieces
 26082 | Orc:2    | Bought a ration for 70 gold pieces
 26082 | Orc:2    | Bought a ration for 70 gold pieces
 26082 | Orc:2    | Bought a ration for 70 gold pieces
 26082 | Orc:2    | Bought a ration for 70 gold pieces
 26082 | Orc:2    | Bought a ration for 70 gold pieces
 26082 | Orc:2    | Bought a ration for 70 gold pieces
 26082 | Orc:2    | Bought a ration for 70 gold pieces
 26082 | Orc:2    | Bought a ration for 70 gold pieces
 26516 | D:11     | Killed simcity's ghost
 26516 | D:11     | Reached skill level 13 in Transmutations
 26532 | D:11     | Got a twisted hat
 26538 | D:11     | Identified the +0 hat of Death Resistance {+Inv rPois rF-
                  | rCorr Dex+4} (You found it on level 11 of the Dungeon)
 26575 | D:12     | Noticed Psyche
 26829 | D:12     | Killed Psyche
 26833 | D:12     | Reached XP level 15. HP: 56/108 MP: 20/24
 27765 | D:13     | Found Hekuxk Oles's Assorted Antiques.
 27786 | D:13     | HP: 5/140 [enormous slime creature (33)]
 27786 | D:13     | Demolished by an enormous slime creature

Levels and vault maps discovered:
D:1:      dpeg_arrival_erosion, layout_rooms, minmay_stone_trees_large
D:2:      layout_loops_corners
D:3:      layout_loops_cross, first_ration
D:4:      layout_basic, uniq_blork_the_orc
D:5:      layout_gridville, minmay_temple_entry_glassed_door,
          gammafunk_ghost_cemetery, uniq_menkaure
D:6:      layout_cave_pools, serial_park, serial_park_gazebo
          [serial_park_minivault_5x5_6], serial_park_square1
          [serial_park_minivault_5x5_4], nicolae_qazlal_style_of_elements,
          uniq_duvessa
D:7:      layout_layer_cave, gammafunk_temple_overflow_wave,
          uniq_prince_ribbit1, uniq_pikel
D:8:      layout_loops_ring, grunt_ogre_cave, nicolae_gozag_seed_capital
D:9:      layout_roguey, zombieorc2_lemuel, special_room [special_room_orc],
          gammafunk_ghost_spectres
D:10:     layout_stronghold, serial_bayou_crossing
D:11:     layout_roguey, lair_entry_dummy, gammafunk_ghost_hydra_chop,
          basic_altar
D:12:     layout_cross, kennysheep_dice, uniq_psyche
D:13:     layout_loops_ring, minmay_shop_grid_forest
Temple:   regret_index_temple_chain_breaker
Lair:1:   layout_regular_city, lemuel_fruit_fields, serial_bayou_shore_a,
          infiniplex_staircase_pool, lemuel_fruit_tree, uniq_erica
Lair:2:   layout_long_grid, dummy_snake_entry, ebering_ghost_inner_flame,
          special_room [special_room_bee]
Lair:3:   layout_concentric_octagons, minmay_lair_oklob_bushes,
          serial_bayou_pond_c, uniq_snorg
Lair:4:   layout_long_grid, minmay_shoals_entry_lonely_mermaid,
          cheibrodos_lair_caveside_slide, grunt_megastairs_5
Lair:5:   layout_roguey, gammafunk_ghost_necromancy, grunt_megastairs_3
Lair:6:   minmay_lair_end_enchanted_forest, layout_regular_city,
          nicolae_slime_entry_slimehenge, lookout_lair_type
Orc:1:    layout_caves, basic_altar, serial_shops, nicolae_shop_stone
Orc:2:    st_orc_elflike, layout_diamond_mine, serial_shops, nicolae_shop_stone,
          uniq_donald

Skill      XL: |  1  2  3  4  5  6  7  8  9 10 11 12 13 14 15 |
---------------+----------------------------------------------+-----
Fighting       | 2 3 4 5 7 8 9 10 11 12 | 12.1
Dodging        | 3 4 5 6 7 |  7.2
Transmutations | 3 4 6 7 8 9 10 11 13 | 13.3
Poison Magic   | 1 2 |  2.0
Ice Magic      | 1 2 3 4 |  4.0
Unarmed Combat | 4 5 7 8 9 10 11 12 | 12.1
Spellcasting   | 3 4 5 6 7 8 |  8.2
Translocations | 2 4 |  4.0
Earth Magic    | 4 7 9 |  9.4
Shields        | 2 3 |  3.4

Action                   |  1- 3 |  4- 6 |  7- 9 | 10-12 | 13-15 || total
-------------------------+-------+-------+-------+-------+-------++-------
Melee: Whip              |    65 |    94 |    17 |       |       ||   176
       Unarmed           |     5 |    10 |   184 |   720 |   968 ||  1887
       Constrict         |    16 |    27 |    18 |     9 |    83 ||   153
       Kick              |     9 |    20 |    15 |    18 |       ||    62
       Tentacles         |     4 |    17 |    20 |    14 |   104 ||   159
       Short sword       |       |       |    68 |    20 |       ||    88
       Punch             |       |       |     2 |     4 |    37 ||    43
       Demon blade       |       |       |       |    32 |       ||    32
       Staff             |       |       |       |       |     1 ||     1
       Bite              |       |       |       |       |     3 ||     3
       Tailslap          |       |       |       |       |     4 ||     4
Throw: Stone             |    13 |    21 |     5 |     6 |       ||    45
       Dart              |       |     8 |    25 |    19 |       ||    52
       Boomerang         |       |       |     4 |     3 |     4 ||    11
 Cast: Beastly Appendage |    17 |    26 |    20 |     8 |       ||    71
       Spider Form       |       |     1 |    12 |     6 |       ||    19
       Ice Form          |       |       |    11 |    59 |    18 ||    88
       Blade Hands       |       |       |       |     4 |     2 ||     6
       Statue Form       |       |       |       |       |    54 ||    54
       Dragon Form       |       |       |       |       |     3 ||     3
Invok: Lunge             |       |       |    25 |   107 |    61 ||   193
       Whirlwind         |       |       |    14 |    94 |   160 ||   268
       Heavenly Storm    |       |       |       |       |     1 ||     1
 Abil: End Transformatio |       |       |     1 |       |     1 ||     2
       Breathe Fire      |       |       |       |       |     3 ||     3
       Wall Jump         |       |       |       |       |     2 ||     2
  Use: Scroll            |       |     4 |     3 |     8 |    14 ||    29
       Potion            |       |       |       |     2 |     3 ||     5
 Stab: Sleeping          |     6 |     5 |     2 |     3 |     1 ||    17
       Confused          |       |       |       |       |     6 ||     6
  Eat: Chunk             |     2 |     7 |    20 |    43 |    34 ||   106
       Ration            |       |       |       |       |     3 ||     3
Armor: Skin              |     2 |     2 |    28 |    74 |   463 ||   569
Dodge: Dodged            |    30 |    56 |   161 |   393 |   905 ||  1545
       Rpst.: Demon blade |       |       |       |     7 |       ||     7

Table legend:
 A = Non-vault XP
 B = Vault XP
 C = Vault XP percentage of total XP
 D = Non-vault monster count
 E = Vault monster count
 F = Vault count percentage of total count
                 A         B        C        D         E       F
            +---------+---------+-------+---------+---------+-------
      Total |   65114 |   34596 |  34.7 |     537 |     190 |  26.1
            +---------+---------+-------+---------+---------+-------
        D:1 |      31 |       0 |   0.0 |      16 |       0 |   0.0
        D:2 |      60 |       0 |   0.0 |      29 |       0 |   0.0
        D:3 |     186 |       0 |   0.0 |      31 |       0 |   0.0
        D:4 |     222 |      99 |  30.8 |      11 |       1 |   8.3
        D:5 |     442 |       0 |   0.0 |      13 |       0 |   0.0
        D:6 |     816 |     204 |  20.0 |      17 |       2 |  10.5
        D:7 |    1277 |     896 |  41.2 |      31 |       2 |   6.1
        D:8 |    1785 |     125 |   6.5 |      31 |       2 |   6.1
        D:9 |    5424 |    1459 |  21.2 |      63 |      55 |  46.6
       D:10 |    2932 |       0 |   0.0 |      22 |       0 |   0.0
       D:11 |    4823 |    2988 |  38.3 |      36 |       3 |   7.7
       D:12 |    7796 |    1584 |  16.9 |      49 |       3 |   5.8
       D:13 |    4426 |       0 |   0.0 |      19 |       0 |   0.0
     Lair:1 |    3212 |     886 |  21.6 |      19 |       1 |   5.0
     Lair:2 |    3787 |    1853 |  32.9 |      19 |      26 |  57.8
     Lair:3 |    4976 |    1090 |  18.0 |      25 |       1 |   3.8
     Lair:4 |    7791 |    2132 |  21.5 |      29 |       8 |  21.6
     Lair:5 |    4146 |    1334 |  24.3 |      16 |       6 |  27.3
     Lair:6 |    7435 |    9871 |  57.0 |      15 |      54 |  78.3
      Orc:1 |     781 |       0 |   0.0 |      18 |       0 |   0.0
      Orc:2 |    2766 |   10075 |  78.5 |      28 |      26 |  48.1
            +---------+---------+-------+---------+---------+-------
